[Event "2026 European Womens Championship"]
[Site "Batumi, GE"]
[Date "2026.06.03"]
[Round "9"]
[White "Sivanandan, Bodhana"]
[Black "Khurtsilava, Inga"]
[Result "1/2-1/2"]
[Board "39"]
[TimeControl "5400+30"]
[WhiteFideId "497592"]
[BlackFideId "13600419"]
[WhiteElo "2374"]
[BlackElo "2175"]
[WhiteTitle "FM"]
[BlackTitle "WGM"]
[WhiteClock "0:06:13"]
[BlackClock "0:04:19"]
[Variant "Standard"]

1. e4 c6 2. d4 d5 3. Nd2 dxe4 4. Nxe4 Nf6 5. Nxf6+ exf6 6. c3 Bd6 7. Bd3 O-O 8. Ne2 Re8 9. O-O Nd7 10. Ng3 g6 11. Bh6 Bf8 12. Qd2 Bg7 13. Rfe1 Nf8 14. a4 Be6 15. a5 f5 16. b4 b6 17. Bxg7 Kxg7 18. Qf4 b5 19. Re3 Bd7 20. Rxe8 Qxe8 21. Kf1 Ne6 22. Qd2 Qd8 23. Kg1 Qg5 24. Qxg5 Nxg5 25. Nf1 h5 26. Nd2 h4 27. f4 Ne6 28. g3 Nc7 29. Re1 Nd5 30. Nb1 Kf6 31. Be2 Be6 32. Kf2 Rh8 33. Kg2 hxg3 34. hxg3 Ne3+ 35. Kg1 Bd5 36. Bf3 Bxf3 37. Rxe3 Bd5 38. Nd2 Rh1+ 39. Kf2 Rh2+ 40. Ke1 Rh1+ 41. Ke2 Rh2+ 42. Kd3 Rg2 43. c4 bxc4+ 44. Nxc4 g5 45. Nd6 Rb2 46. b5 cxb5 47. fxg5+ Kxg5 48. Re5 Bc4+ 49. Nxc4 Rb3+ 50. Ke2 bxc4 51. Re7 Rxg3 52. Rxa7 Ra3 53. Rxf7 Kf4 54. Rc7 Ra2+ 55. Kd1 Ra4 56. Kd2 Rxa5 57. Rxc4 Ke4 58. d5+ Kxd5 59. Rb4 Ke5 60. Ke3 f4+ 61. Kf2 Ra2+ 62. Kf3 Ra3+ 63. Kf2 Kf5 64. Rb8 Ra5 65. Rf8+ Ke4 66. Re8+ Re5 67. Rxe5+ Kxe5 68. Kf3 Kf5 69. Kf2 1/2-1/2

[Event "2026 European Womens Championship"]
[Site "Batumi, GE"]
[Date "2026.06.03"]
[Round "9"]
[White "Brunello, Marina"]
[Black "Odisharia, Teona"]
[Result "0-1"]
[Board "40"]
[TimeControl "5400+30"]
[WhiteFideId "822590"]
[BlackFideId "13602322"]
[WhiteElo "2346"]
[BlackElo "2167"]
[WhiteTitle "IM"]
[BlackTitle "WFM"]
[WhiteClock "0:55:51"]
[BlackClock "0:10:18"]
[Variant "Standard"]

1. e4 c5 2. Nf3 d6 3. d4 cxd4 4. Nxd4 Nf6 5. Nc3 g6 6. Be3 Bg7 7. f3 Nc6 8. Qd2 O-O 9. O-O-O d5 10. exd5 Nxd5 11. Nxc6 bxc6 12. Bd4 e5 13. Bc5 Re8 14. Ne4 Qc7 15. h4 f5 16. Nd6 Rd8 17. Nxc8 Raxc8 18. h5 Nb6 19. Bxb6 Rxd2 20. Bc4+ Kf8 21. Bxc7 Rxd1+ 22. Rxd1 Rxc7 23. hxg6 hxg6 24. Rd6 Bh6+ 25. Kd1 Kg7 26. b4 Bf4 27. Rd8 Bg5 28. Rg8+ Kf6 29. Ke2 Bf4 30. Re8 c5 31. Re6+ Kg7 32. bxc5 Rxc5 33. Kd3 a5 34. a4 Bg3 35. Kc3 Bh4 36. Kb3 Bd8 37. Rd6 Be7 38. Rd7 Kf6 39. Bd5 Rc8 40. Rb7 Bb4 41. c4 Bd6 42. Ra7 Bb4 43. Ra6+ Kg5 44. Re6 Rb8 45. Kc2 Rh8 46. Rxe5 Rh2 47. Re2 Kf4 48. Kd3 Rh1 49. Bf7 g5 50. Be6 Ra1 51. Rc2 Rd1+ 52. Ke2 Re1+ 53. Kd3 Rxe6 54. c5 Rc6 55. Kd4 g4 56. fxg4 fxg4 57. Kd5 Rxc5+ 58. Rxc5 Bxc5 59. Kxc5 Kg3 60. Kb5 Kxg2 61. Kxa5 Kf1 62. Kb6 g3 63. a5 g2 64. a6 g1=Q+ 65. Kb7 Qg2+ 66. Kb8 Qg8+ 67. Kb7 Qd5+ 68. Kb8 Qb5+ 69. Ka7 Ke2 0-1

[Event "2026 European Womens Championship"]
[Site "Batumi, GE"]
[Date "2026.06.03"]
[Round "9"]
[White "Khukhashvili, Sopiko"]
[Black "Mamedjarova, Zeinab"]
[Result "1-0"]
[Board "41"]
[TimeControl "5400+30"]
[WhiteFideId "13602055"]
[BlackFideId "13401521"]
[WhiteElo "2329"]
[BlackElo "2137"]
[WhiteTitle "IM"]
[BlackTitle "WGM"]
[WhiteClock "0:44:09"]
[BlackClock "0:24:31"]
[Variant "Standard"]

1. e4 d5 2. exd5 Qxd5 3. Nc3 Qa5 4. d4 Nf6 5. Nf3 Bg4 6. h3 Bh5 7. Bd2 c6 8. g4 Bg6 9. Ne5 Qb6 10. Qe2 e6 11. f4 Be7 12. O-O-O Nbd7 13. h4 Qxd4 14. Be3 Qb4 15. Nxd7 Nxd7 16. h5 Be4 17. a3 Qxc3 18. bxc3 Bxh1 19. Bh3 Be4 20. Bd4 f5 21. gxf5 exf5 22. Bxg7 Rg8 23. h6 O-O-O 24. a4 a5 25. Qh5 1-0

[Event "2026 European Womens Championship"]
[Site "Batumi, GE"]
[Date "2026.06.03"]
[Round "9"]
[White "Starosta, Martyna"]
[Black "Mammadova, Gulnar"]
[Result "0-1"]
[Board "42"]
[TimeControl "5400+30"]
[WhiteFideId "21818754"]
[BlackFideId "13403508"]
[WhiteElo "2175"]
[BlackElo "2325"]
[WhiteTitle "WIM"]
[BlackTitle "IM"]
[WhiteClock "0:01:04"]
[BlackClock "0:17:47"]
[Variant "Standard"]

1. e4 e5 2. Nf3 Nc6 3. Bb5 a6 4. Ba4 Nf6 5. O-O Be7 6. Bxc6 dxc6 7. d3 Nd7 8. Be3 O-O 9. Nc3 Re8 10. Ne2 Bd6 11. Ng3 Nf8 12. Nd2 b5 13. Kh1 Ng6 14. Nf5 Be6 15. Qf3 Bf8 16. g4 c5 17. Rad1 a5 18. Rg1 a4 19. g5 Qd7 20. Rg3 Ne7 21. Nh6+ gxh6 22. gxh6+ Ng6 23. h4 Bxa2 24. h5 b4 25. Rdg1 Ra6 26. Bg5 Be7 27. b3 axb3 28. cxb3 Bxg5 29. Rxg5 Kh8 30. Nc4 Bxb3 31. hxg6 Bxc4 32. dxc4 hxg6 33. Rd1 Qe7 34. Rg3 Rf6 35. Qe3 Rd6 36. Rdg1 Rd4 37. Rh3 Rxc4 38. Qb3 Rxe4 0-1

[Event "2026 European Womens Championship"]
[Site "Batumi, GE"]
[Date "2026.06.03"]
[Round "9"]
[White "Dwilewicz, Katarzyna"]
[Black "Arakhamia-Grant, Ketevan"]
[Result "1-0"]
[Board "43"]
[TimeControl "5400+30"]
[WhiteFideId "1148486"]
[BlackFideId "13600168"]
[WhiteElo "2131"]
[BlackElo "2306"]
[WhiteTitle "WIM"]
[BlackTitle "GM"]
[WhiteClock "0:01:04"]
[BlackClock "0:01:41"]
[Variant "Standard"]

1. e4 c5 2. Nf3 Nc6 3. d4 cxd4 4. Nxd4 e5 5. Nb5 d6 6. N1c3 a6 7. Na3 Be6 8. Nc4 Rb8 9. Ne3 Nf6 10. Bd3 g6 11. O-O Bg7 12. Ncd5 O-O 13. c3 Bxd5 14. exd5 Ne7 15. Be2 Nd7 16. a4 f5 17. b3 e4 18. Ba3 Ne5 19. Nc2 f4 20. Bg4 Nxg4 21. Qxg4 Rf5 22. c4 Bxa1 23. Rxa1 Qb6 24. Qe2 Re8 25. Qxe4 Re5 26. Qxf4 Nf5 27. g4 Qxb3 28. gxf5 Qxc2 29. Bxd6 Rxf5 30. Qd4 Qe4 31. Rd1 Qxd4 32. Rxd4 Re1+ 33. Kg2 Kf7 34. c5 Rc1 35. a5 Rc2 36. Rb4 Rfxf2+ 37. Kg3 Rb2 38. Rxb7+ Rxb7 39. Kxf2 Rb5 40. Ke3 Rxa5 41. c6 Ke8 42. Kd4 Ra2 43. Bg3 Rc2 44. Ke5 a5 45. Ke6 a4 46. c7 Re2+ 47. Kd6 Rc2 48. Bf2 a3 49. Bc5 Rxc5 50. Kxc5 Kd7 51. Kb6 a2 52. Kb7 a1=Q 53. c8=Q Ke7 54. Qc5 Ke8 55. Qc6+ Kd8 56. Qc7+ Ke8 57. d6 Qb1+ 58. Kc8 Qf5+ 59. d7 Ke7 60. Qd8+ Kd6 61. Qb6+ Ke7 62. Qe3+ Kd6 63. Qd3+ 1-0

[Event "2026 European Womens Championship"]
[Site "Batumi, GE"]
[Date "2026.06.03"]
[Round "9"]
[White "Vidic, Teja"]
[Black "Velikic, Adela"]
[Result "1-0"]
[Board "44"]
[TimeControl "5400+30"]
[WhiteFideId "14605511"]
[BlackFideId "913553"]
[WhiteElo "2123"]
[BlackElo "2277"]
[WhiteTitle "WIM"]
[BlackTitle "WIM"]
[WhiteClock "0:12:00"]
[BlackClock "0:00:33"]
[Variant "Standard"]

1. e4 c5 2. Nf3 d6 3. d4 cxd4 4. Qxd4 Nc6 5. Bb5 a6 6. Bxc6+ bxc6 7. O-O e5 8. Qa4 Qc7 9. c4 Be7 10. c5 Bg4 11. Nbd2 dxc5 12. h3 Bxf3 13. Nxf3 Bd6 14. Be3 Ne7 15. Rac1 O-O 16. Bxc5 Rfb8 17. Qa3 Bxc5 18. Rxc5 f6 19. Rfc1 Qb7 20. R5c4 Ra7 21. b3 Rd8 22. Qc5 Raa8 23. R4c2 a5 24. Rc4 Qa7 25. Qa3 Rd3 26. Ra4 Ng6 27. Rc5 Rad8 28. Raxa5 Qd7 29. Ra8 h6 30. Rxd8+ Qxd8 31. Rxc6 Kh7 32. Qa7 Rd7 33. Qc5 Rd1+ 34. Kh2 Qd3 35. Qc4 Qb1 36. Rc8 h5 37. Qg8+ Kh6 38. Rc7 Rh1+ 39. Kg3 h4+ 40. Nxh4 Kg5 41. Nf3+ 1-0

[Event "2026 European Womens Championship"]
[Site "Batumi, GE"]
[Date "2026.06.03"]
[Round "9"]
[White "Ivekovic, Tihana"]
[Black "Szczotka, Klara"]
[Result "1-0"]
[Board "45"]
[TimeControl "5400+30"]
[WhiteFideId "14517825"]
[BlackFideId "21858845"]
[WhiteElo "2119"]
[BlackElo "2241"]
[WhiteTitle "WFM"]
[BlackTitle "WFM"]
[WhiteClock "0:30:35"]
[BlackClock "0:26:47"]
[Variant "Standard"]

1. e4 c5 2. Nf3 d6 3. d4 cxd4 4. Nxd4 Nf6 5. Nc3 a6 6. a4 e5 7. Nf3 Be7 8. Bg5 Be6 9. Bxf6 Bxf6 10. Nd5 Nd7 11. Bc4 O-O 12. O-O Rc8 13. Qe2 Bxd5 14. Bxd5 Qc7 15. c3 Nc5 16. Nd2 Bg5 17. Nc4 Kh8 18. Qg4 Bh6 19. a5 g6 20. Qh3 Bg7 21. f4 Rce8 22. f5 Bf6 23. Nb6 Kg7 24. b4 1-0

[Event "2026 European Womens Championship"]
[Site "Batumi, GE"]
[Date "2026.06.03"]
[Round "9"]
[White "Poliakova, Varvara"]
[Black "Peglau, Charis"]
[Result "1-0"]
[Board "46"]
[TimeControl "5400+30"]
[WhiteFideId "13518313"]
[BlackFideId "16219996"]
[WhiteElo "2108"]
[BlackElo "2238"]
[WhiteTitle "WFM"]
[BlackTitle "WFM"]
[WhiteClock "0:13:18"]
[BlackClock "0:35:01"]
[Variant "Standard"]

1. c4 c6 2. e4 d5 3. exd5 cxd5 4. cxd5 Nf6 5. Nc3 g6 6. Qb3 Bg7 7. Bc4 O-O 8. Nf3 Nbd7 9. O-O Nb6 10. d3 Qd6 11. Be3 Bf5 12. a4 Rad8 13. Nb5 Qb8 14. Bxb6 axb6 15. Rfe1 Rfe8 16. d6 e6 17. h3 h5 18. Ne5 Rf8 19. d4 Ne8 20. g4 hxg4 21. hxg4 Bxe5 22. dxe5 Bxg4 23. Re4 Bh5 24. Qe3 Ng7 25. Qxb6 Nf5 26. Ra3 Kg7 27. Qc7 Rh8 28. Qxb8 Rxb8 29. Nd4 Nxd4 30. Rxd4 g5 31. Rc3 f6 32. exf6+ Kxf6 33. Bb5 Ke5 34. Rd2 Bg4 35. d7 Kf6 36. Kg2 Bf5 37. b4 Ke7 38. a5 Be4+ 39. f3 Bd5 40. Kg3 Rbd8 41. Rh2 Rhf8 42. Rh7+ Rf7 43. Rxf7+ Kxf7 44. Rc8 Ke7 45. f4 gxf4+ 46. Kxf4 Rxd7 47. Bxd7 Kxd7 48. Rc1 Kd6 49. b5 e5+ 50. Ke3 Kd7 51. a6 b6 52. Rd1 1-0

[Event "2026 European Womens Championship"]
[Site "Batumi, GE"]
[Date "2026.06.03"]
[Round "9"]
[White "Purtseladze, Maka"]
[Black "Tashkinova, Sofiia"]
[Result "1-0"]
[Board "47"]
[TimeControl "5400+30"]
[WhiteFideId "13602659"]
[BlackFideId "14188309"]
[WhiteElo "2237"]
[BlackElo "2085"]
[WhiteTitle "IM"]
[BlackTitle "WFM"]
[WhiteClock "0:19:57"]
[BlackClock "0:19:50"]
[Variant "Standard"]

1. d4 Nf6 2. c4 e6 3. Nf3 b6 4. a3 Bb7 5. Nc3 d5 6. cxd5 Nxd5 7. Qc2 Nxc3 8. bxc3 Nd7 9. e4 c5 10. Bd3 Be7 11. h4 Qc7 12. Qb1 Rc8 13. Bg5 Nf6 14. Bb5+ Kf8 15. Bd3 h6 16. Bd2 Nh5 17. Ne5 Bd6 18. f4 Bxe5 19. fxe5 c4 20. Bc2 Qc6 21. Rh3 f5 22. Rf3 Kg8 23. exf5 Rf8 24. f6 Nxf6 25. exf6 Rxf6 26. Rxf6 gxf6 27. Qb4 Kf7 28. O-O-O a5 29. Qb2 h5 30. g3 b5 31. Re1 Qd7 32. Bf4 Ra8 33. Bd1 Bd5 34. Bxh5+ Kg7 35. Qc2 f5 36. Be5+ Kh7 37. g4 Qe7 38. gxf5 Kh6 39. f6 Qxa3+ 40. Kd2 Rg8 41. Bf4+ Kxh5 42. Qh7+ Kg4 43. Qxg8+ Kxf4 44. Qg5+ Kf3 45. Rf1+ 1-0

[Event "2026 European Womens Championship"]
[Site "Batumi, GE"]
[Date "2026.06.03"]
[Round "9"]
[White "Orian, Noga"]
[Black "Liavonava, Yuliya"]
[Result "1-0"]
[Board "48"]
[TimeControl "5400+30"]
[WhiteFideId "2836475"]
[BlackFideId "13524178"]
[WhiteElo "2231"]
[BlackElo "2118"]
[WhiteTitle "WIM"]
[BlackTitle "WFM"]
[WhiteClock "0:02:13"]
[BlackClock "0:02:01"]
[Variant "Standard"]

1. d4 d5 2. Nf3 Nf6 3. g3 Nbd7 4. Bg2 Nb6 5. O-O Bf5 6. b3 c6 7. a4 a5 8. Bb2 e6 9. Nbd2 Be7 10. Re1 O-O 11. Ne5 h6 12. Rc1 Nbd7 13. e3 Rc8 14. Qe2 Qc7 15. c4 Bb4 16. Nd3 Bxd3 17. Qxd3 Ne4 18. Bxe4 dxe4 19. Qc2 Bxd2 20. Qxd2 f5 21. Bc3 b6 22. Rb1 Rcd8 23. Qb2 Nf6 24. b4 Qf7 25. Qe2 axb4 26. Rxb4 Nd7 27. Ra1 Ra8 28. Qd1 Rfd8 29. Qe2 g5 30. h3 Kh7 31. Kh2 Rg8 32. c5 bxc5 33. Rb7 cxd4 34. Bxd4 Rgb8 35. Rab1 Kg6 36. Qc2 Rxb7 37. Rxb7 c5 38. Bb2 Qe8 39. Qd2 Rd8 40. Qd6 Nf6 41. Qxc5 Rd5 42. Qb4 h5 43. Rb8 Qd7 44. Qf8 e5 45. Rb6 Qf7 46. Qb8 Qe7 47. Ba3 Qf7 48. Bb4 h4 49. gxh4 g4 50. Qh8 gxh3 51. Rxf6+ Qxf6 52. Qg8+ Qg7 53. h5+ Kf6 54. Be7+ Qxe7 55. Qg6# 1-0

[Event "2026 European Womens Championship"]
[Site "Batumi, GE"]
[Date "2026.06.03"]
[Round "9"]
[White "Dimitrijevic, Aleksandra"]
[Black "Rudzinska, Michalina"]
[Result "1/2-1/2"]
[Board "49"]
[TimeControl "5400+30"]
[WhiteFideId "929239"]
[BlackFideId "1172883"]
[WhiteElo "2059"]
[BlackElo "2200"]
[WhiteTitle "WGM"]
[BlackTitle "WGM"]
[WhiteClock "0:14:10"]
[BlackClock "0:04:29"]
[Variant "Standard"]

1. d4 Nf6 2. c4 e6 3. g3 Bb4+ 4. Bd2 Qe7 5. Bg2 Bxd2+ 6. Qxd2 Nc6 7. Nc3 d6 8. e3 e5 9. d5 Nb8 10. Qc2 O-O 11. Nge2 a5 12. a3 Nfd7 13. e4 Nc5 14. O-O a4 15. f4 Nbd7 16. Rae1 Nb6 17. Nd1 Nb3 18. Ne3 c6 19. dxc6 bxc6 20. Kh1 Ra5 21. Nc3 Nd4 22. Qd1 Ba6 23. Nf5 Nxf5 24. exf5 Bxc4 25. f6 Qxf6 26. fxe5 Qh6 27. Rf2 dxe5 28. Qf3 Nd5 29. Rxe5 Nxc3 30. Rxa5 Qc1+ 31. Rf1 Bxf1 32. Bxf1 Nb1 33. Rf5 Nd2 34. Qe3 Qb1 35. Qd3 Qe1 36. Kg1 Nb3 37. Qc4 Qe3+ 38. Rf2 c5 39. Qxa4 Nd4 40. Qc4 Nf3+ 41. Kg2 Nxh2 42. Be2 g6 43. Qf4 Qxf4 44. gxf4 Rb8 45. b4 cxb4 46. axb4 Rxb4 47. Kxh2 Rb2 48. Kg3 Kg7 49. Kf3 Rb3+ 50. Ke4 f5+ 51. Kd4 Rb2 52. Ke3 h6 53. Rf1 Kf6 54. Bd3 g5 55. fxg5+ hxg5 56. Rxf5+ Ke6 57. Rxg5 Rb4 58. Be4 Rb2 59. Kf4 Kd6 60. Rd5+ Ke6 61. Rh5 Kd6 62. Rh6+ Kc5 63. Ke5 Rb6 64. Rh1 Kb4 65. Kd4 Rd6 66. Bd5 Rb6 67. Rb1+ Ka5 68. Rc1 Kb4 69. Rc8 Rb5 70. Bc6 Rb6 71. Kd5 Kb3 72. Kc5 Rb4 73. Bd5+ Kc3 74. Rf8 Rb2 75. Rf3+ Kd2 76. Rg3 Rb8 77. Kd4 Rb4+ 78. Bc4 Rb2 79. Bb3 Kc1 80. Rg1+ Kd2 81. Kc4 Ke3 82. Rg3+ Kf4 83. Rg8 Ke5 84. Kc3 Rh2 85. Re8+ Kd6 86. Re6+ Kc5 87. Bc4 Rh3+ 88. Bd3 Rh4 89. Ra6 Kd5 90. Ra5+ Ke6 91. Bc4+ Kf6 92. Ba6 Ke6 93. Bb7 Kd6 94. Kd3 Rb4 95. Be4 Ke6 96. Ke3 Kd6 97. Kf4 Rb8 98. Ra6+ Kc5 99. Rc6+ Kb4 100. Ke5 Re8+ 101. Kd4 Rd8 102. Bd5 Rb8 103. Ra6 Kb5 104. Bc4+ Kb4 105. Ra1 Rb6 106. Rc1 Rd6 107. Bd5 Rb6 108. Rc2 1/2-1/2

[Event "2026 European Womens Championship"]
[Site "Batumi, GE"]
[Date "2026.06.03"]
[Round "9"]
[White "Zeliantsova, Kseniya"]
[Black "Avetisyan, Ani"]
[Result "1-0"]
[Board "50"]
[TimeControl "5400+30"]
[WhiteFideId "13512617"]
[BlackFideId "13319035"]
[WhiteElo "2176"]
[BlackElo "2052"]
[WhiteTitle "WFM"]
[WhiteClock "0:30:57"]
[BlackClock "0:04:18"]
[Variant "Standard"]

1. e4 c5 2. Nf3 e6 3. d4 cxd4 4. Nxd4 Nc6 5. Nc3 Qc7 6. g3 a6 7. Bg2 Nf6 8. O-O Nxd4 9. Qxd4 Bc5 10. Bf4 d6 11. Qd3 h6 12. Na4 e5 13. Nxc5 exf4 14. Nb3 fxg3 15. hxg3 Be6 16. Rfd1 Rd8 17. e5 dxe5 18. Qxd8+ Qxd8 19. Rxd8+ Kxd8 20. Bxb7 g5 21. Nc5 Bf5 22. Nxa6 h5 23. c4 h4 24. c5 h3 25. c6 e4 26. c7+ Ke7 27. f3 h2+ 28. Kh1 exf3 29. Bxf3 g4 30. Bb7 Kd6 31. Rd1+ Ke7 32. Rd2 Be4+ 33. Bxe4 Nxe4 34. Re2 f5 35. Nc5 Kd6 36. Nxe4+ fxe4 37. Rxe4 Kxc7 38. Rxg4 Rd8 39. Rc4+ Kb6 40. Rc2 Ra8 41. a3 Kb5 42. Kxh2 Ka4 43. Rc4+ Kb3 44. Rb4+ Kc2 45. g4 1-0

[Event "2026 European Womens Championship"]
[Site "Batumi, GE"]
[Date "2026.06.03"]
[Round "9"]
[White "Liashkevich, Lizaveta"]
[Black "Urh, Zala"]
[Result "0-1"]
[Board "51"]
[TimeControl "5400+30"]
[WhiteFideId "13518658"]
[BlackFideId "14611481"]
[WhiteElo "2079"]
[BlackElo "2263"]
[WhiteTitle "WFM"]
[BlackTitle "WIM"]
[WhiteClock "0:07:27"]
[BlackClock "0:05:18"]
[Variant "Standard"]

1. d4 Nf6 2. c4 e6 3. Nf3 d5 4. Nc3 Bb4 5. cxd5 exd5 6. Bg5 Nbd7 7. e3 c5 8. Bd3 Qa5 9. Qc2 c4 10. Bf5 O-O 11. O-O Re8 12. Ne2 g6 13. Bxd7 Nxd7 14. a3 Bf8 15. Nc3 Kg7 16. e4 dxe4 17. Nxe4 h6 18. Bd2 Qf5 19. Rfe1 Nb6 20. Re2 Be6 21. Rae1 Bd5 22. Bc3 Re6 23. Nfd2 Rae8 24. f3 h5 25. Qd1 h4 26. Nf2 Bd6 27. Rxe6 Rxe6 28. Nf1 Bf4 29. Nh3 Bh6 30. Nf2 Rxe1 31. Qxe1 Qe6 32. Qxe6 fxe6 33. Nd1 Na4 34. Bd2 Bxd2 35. Nxd2 Nxb2 36. Nc3 Nd3 37. g3 Ne1 38. Kf2 Nc2 39. Ndb1 Nxd4 40. f4 Bc6 41. a4 a6 42. Ke3 Nf5+ 43. Kf2 b5 44. axb5 axb5 45. Na2 h3 46. Nb4 Bb7 47. Nc2 Kf7 48. Nc3 Nd6 49. Ke3 Ke7 50. g4 Kd7 51. Kd4 Bf3 52. g5 Kc6 53. Nb4+ Kb6 54. Ke5 Nf5 55. Kf6 Ka5 56. Nca2 Nh4 57. Nc2 Be4 58. Ne3 Bd3 59. Kxe6 b4 60. Nc1 b3 61. Nxd3 cxd3 62. Kd5 Kb4 63. Nd1 b2 64. Nxb2 Kc3 65. Nd1+ Kd2 66. Nb2 Kc2 67. Nc4 d2 68. Ke4 d1=Q 69. Ne3+ Kd2 70. Nxd1 Kxd1 71. f5 Nxf5 72. Kf3 Ng7 73. Kg3 Ke2 74. Kxh3 Kf3 75. Kh4 Kf4 76. Kh3 Kxg5 77. Kg3 Nf5+ 78. Kf3 Kh4 79. Ke4 0-1

[Event "2026 European Womens Championship"]
[Site "Batumi, GE"]
[Date "2026.06.03"]
[Round "9"]
[White "Subramanian, Anusha"]
[Black "Rodriguez Redondo, Adhara"]
[Result "0-1"]
[Board "52"]
[TimeControl "5400+30"]
[WhiteFideId "477710"]
[BlackFideId "32065698"]
[WhiteElo "2068"]
[BlackElo "2200"]
[WhiteTitle "WFM"]
[BlackTitle "WFM"]
[WhiteClock "0:29:38"]
[BlackClock "0:35:31"]
[Variant "Standard"]

1. c4 e6 2. Nc3 d5 3. d4 Bb4 4. cxd5 exd5 5. Nf3 Nf6 6. Bg5 h6 7. Bh4 O-O 8. e3 Bf5 9. Bd3 Bxd3 10. Qxd3 c6 11. O-O Nbd7 12. Ne5 Qc7 13. f4 Qd6 14. Qf5 Rfe8 15. Qh3 Nf8 16. Bxf6 Qxf6 17. g4 Qe7 18. Rae1 f6 19. Nf3 Nh7 20. Qg2 Rad8 21. h4 Rd6 22. f5 Rd7 23. Re2 Qf7 24. Nd1 Rde7 25. a3 Bd6 26. Qh3 Re4 27. Rg2 c5 28. g5 Qh5 29. gxh6 Qxh6 30. Rg6 Qh5 31. Qg2 R8e7 32. Nc3 Nf8 33. Nxe4 dxe4 34. Nd2 Nxg6 35. fxg6 Qxh4 36. Nc4 Bc7 37. dxc5 Rd7 38. Rc1 Rd5 39. Kf1 Rg5 40. Qf2 Qh1+ 41. Ke2 Qxc1 42. Nd2 Qh1 0-1

[Event "2026 European Womens Championship"]
[Site "Batumi, GE"]
[Date "2026.06.03"]
[Round "9"]
[White "Maisuradze, Nino"]
[Black "Mkrtchyan, Anahit H."]
[Result "0-1"]
[Board "53"]
[TimeControl "5400+30"]
[WhiteFideId "13601717"]
[BlackFideId "13314858"]
[WhiteElo "2198"]
[BlackElo "2107"]
[WhiteTitle "WGM"]
[WhiteClock "0:23:45"]
[BlackClock "0:01:38"]
[Variant "Standard"]

1. d4 Nf6 2. c4 g6 3. Nc3 Bg7 4. e4 d6 5. f4 O-O 6. Nf3 c5 7. d5 e6 8. Be2 exd5 9. cxd5 Re8 10. e5 dxe5 11. fxe5 Ng4 12. Bg5 Qb6 13. O-O c4+ 14. Kh1 Nxe5 15. d6 Be6 16. Nd5 Bxd5 17. Qxd5 Qc6 18. Qd2 Nbd7 19. Rac1 b5 20. b3 Rab8 21. Be7 Rec8 22. Qf4 Qd5 23. Rcd1 Nd3 24. Bxd3 cxd3 25. Qe3 Rc3 26. Qxa7 Qc6 27. Qe3 Qd5 28. Rd2 Rbc8 29. Rfd1 Qe6 30. Qxe6 fxe6 31. Ne1 e5 32. Rxd3 Rxd3 33. Nxd3 e4 34. Nb4 e3 35. Bh4 e2 36. Rg1 Bd4 37. Nd5 Rf8 38. Nf6+ Bxf6 39. Bf2 Bc3 0-1

[Event "2026 European Womens Championship"]
[Site "Batumi, GE"]
[Date "2026.06.03"]
[Round "9"]
[White "Jimenez Fernandez, Rebeca"]
[Black "Nenova, Andzhelika"]
[Result "0-1"]
[Board "54"]
[TimeControl "5400+30"]
[WhiteFideId "32070934"]
[BlackFideId "2939355"]
[WhiteElo "2166"]
[BlackElo "2072"]
[WhiteTitle "WFM"]
[WhiteClock "0:00:54"]
[BlackClock "0:04:39"]
[Variant "Standard"]

1. d4 d5 2. c4 e6 3. Nf3 Nf6 4. g3 Be7 5. Bg2 O-O 6. O-O dxc4 7. Qc2 b5 8. a4 c6 9. axb5 cxb5 10. Ng5 h6 11. Bxa8 hxg5 12. Bg2 a5 13. Bd2 b4 14. Bxg5 Ba6 15. Nd2 b3 16. Qc1 Nd5 17. Bxe7 Qxe7 18. Rxa5 Qb4 19. Rxd5 exd5 20. Nb1 Nc6 21. Rd1 Qd6 22. Nc3 Nb4 23. Qg5 Bb7 24. h4 Ra8 25. Bf3 Ra6 26. Kg2 Qf6 27. Qh5 Qd8 28. Qe5 Re6 29. Qf4 Qd6 30. Qd2 Re8 31. Nb5 Qe7 32. h5 Bc6 33. Na3 Qd6 34. Rh1 Re6 35. Nb1 Kh7 36. Nc3 f5 37. Rh4 Qe7 38. Nd1 Nc2 39. Nc3 Nb4 40. Qf4 Qf6 41. Qb8 Qe7 42. Rf4 Rf6 43. Qc8 Rf8 44. Nxd5 Bxd5 45. Qc5 Bxf3+ 46. exf3 Qxc5 47. dxc5 Nd3 48. Rxc4 Nxb2 49. Rb4 Nd3 50. Rxb3 Nxc5 51. Rb5 Nd3 52. Kf1 f4 53. Ke2 Rd8 54. Rf5 Nc1+ 55. Kf1 Rd1+ 56. Kg2 Nd3 57. gxf4 Ne1+ 58. Kg3 Rd3 59. Kg4 Nxf3 60. Ra5 Nh2+ 61. Kf5 Rf3 62. Kg5 Rxf2 63. Ra6 Rg2+ 64. Kh4 Nf3+ 65. Kh3 Rg1 66. f5 Ng5+ 67. Kh4 Nf3+ 68. Kh3 Ng5+ 69. Kh4 Ne4 70. Ra8 Rh1+ 71. Kg4 Nf6+ 72. Kf4 Rxh5 73. Rb8 Rh4+ 74. Kf3 Kh6 75. Rb7 Rd4 76. Rb1 Kg5 77. Rb5 Rf4+ 78. Kg3 Rxf5 79. Rb7 Ne4+ 80. Kg2 g6 81. Rg7 Kf6 82. Rg8 g5 83. Kg1 Ke5 84. Kg2 Kf4 85. Rg7 Rc5 86. Rf7+ Kg4 87. Ra7 Rc2+ 88. Kg1 Ng3 89. Ra4+ Kf5 90. Ra5+ Kf4 91. Ra4+ Ne4 92. Ra8 g4 93. Ra3 g3 94. Ra8 Ng5 95. Ra4+ Kf3 96. Ra3+ Kg4 97. Kh1 g2+ 98. Kg1 Nf3+ 0-1

[Event "2026 European Womens Championship"]
[Site "Batumi, GE"]
[Date "2026.06.03"]
[Round "9"]
[White "Krkyasharyan, Sona"]
[Black "Abdinova, Narmin"]
[Result "0-1"]
[Board "55"]
[TimeControl "5400+30"]
[WhiteFideId "13316729"]
[BlackFideId "13425340"]
[WhiteElo "2063"]
[BlackElo "2165"]
[WhiteTitle "WFM"]
[BlackTitle "WIM"]
[WhiteClock "0:54:15"]
[BlackClock "0:16:29"]
[Variant "Standard"]

1. d4 Nf6 2. c4 e6 3. Nf3 Bb4+ 4. Bd2 a5 5. g3 d5 6. Bg2 O-O 7. Qc2 Ne4 8. O-O c6 9. Bxb4 axb4 10. Nbd2 f5 11. c5 b6 12. cxb6 Qxb6 13. Nb3 Nd7 14. Rfc1 Bb7 15. e3 Ra7 16. a4 bxa3 17. Rxa3 Rfa8 18. Rxa7 Rxa7 19. Nfd2 Nxd2 20. Nxd2 Ra2 21. Nb3 Ra4 22. Nd2 Ra2 23. Nb3 Qb4 24. Qc3 Qxc3 25. bxc3 Ba6 26. Ra1 Rxa1+ 27. Nxa1 Nb6 28. Nc2 Na4 29. Nb4 Bb5 30. Na2 Bc4 31. Nb4 Bb5 32. Na2 g5 33. f3 Be2 34. Kf2 Bc4 35. Nb4 Nxc3 36. Nxc6 Nd1+ 37. Kg1 Nxe3 38. Nd8 e5 39. Nc6 e4 40. Kf2 Nd1+ 41. Ke1 Ne3 42. Kf2 f4 43. Bh1 Nd1+ 44. Ke1 Nc3 45. gxf4 gxf4 46. Nd8 e3 47. Ne6 Ne2 48. Bg2 Kf7 49. Bh3 Kf6 50. Kd1 Ng1 51. Nxf4 e2+ 0-1

[Event "2026 European Womens Championship"]
[Site "Batumi, GE"]
[Date "2026.06.03"]
[Round "9"]
[White "Akat, Elifnaz"]
[Black "Huseynova, Lala"]
[Result "0-1"]
[Board "56"]
[TimeControl "5400+30"]
[WhiteFideId "34560556"]
[BlackFideId "13431781"]
[WhiteElo "2061"]
[BlackElo "2149"]
[WhiteTitle "WFM"]
[BlackTitle "WFM"]
[WhiteClock "0:08:53"]
[BlackClock "0:07:22"]
[Variant "Standard"]

1. e4 c5 2. Nf3 d6 3. Bb5+ Bd7 4. Bxd7+ Qxd7 5. O-O Nf6 6. Re1 Nc6 7. c3 e6 8. d4 cxd4 9. cxd4 d5 10. e5 Ne4 11. Nbd2 Nxd2 12. Bxd2 Bb4 13. a3 Bxd2 14. Qxd2 O-O 15. Re3 Rfc8 16. Ng5 h6 17. Nh3 Ne7 18. Nf4 Nf5 19. Rd3 Qa4 20. b3 Qc6 21. g4 Ne7 22. Rh3 Qc2 23. Qe3 Rc6 24. Nh5 Qg6 25. Rg3 Rac8 26. Re1 Rc3 27. Qf4 Qg5 28. Rge3 Rxe3 29. Rxe3 Rc1+ 30. Kg2 Qxf4 31. Nxf4 Rd1 32. Rd3 Rxd3 33. Nxd3 Nc6 34. f4 Nxd4 35. Nc1 Kf8 36. Kf2 Ke7 37. a4 f6 38. Ke3 Nc6 39. exf6+ Kxf6 40. Nd3 g5 41. h3 b6 42. b4 gxf4+ 43. Kxf4 e5+ 44. Ke3 a6 45. h4 b5 46. a5 e4 47. Nc5 Nxb4 48. Kd4 Nc6+ 49. Kxd5 e3 50. Kxc6 e2 51. Nd3 b4 52. Kb6 b3 53. g5 hxg5 54. hxg5 Kxg5 55. Kxa6 b2 56. Nxb2 e1=Q 57. Na4 Qb4 58. Nb6 Kf5 59. Na8 Ke6 60. Nc7 Kd7 61. Nb5 Kc6 62. Nd4 Kc5 63. Ne6+ Kd6 64. Nd8 Kd7 65. Nb7 Kc7 66. Nc5 Qc4+ 67. Ka7 Qxc5+ 0-1